[ AOE2 MATCH · #478628327 ]
UnrankedPoles vs Khmer
[ REPLAY ANALYSIS · EXTRACTED FROM THE RECORDED GAME ]
Feudal
8:51
Castle
—
Imperial
—
| APM avg | 58.0 |
| APM peak | 83 |
| eAPM avg | 25.5 |
| Villagers / military | 37 / 22 |
Focus
⚔️ 59.2% · 🌾 40.8%
Archer ×22
Feudal
8:34
Castle
—
Imperial
—
| APM avg | 44.3 |
| APM peak | 81 |
| eAPM avg | 17.4 |
| Villagers / military | 30 / 7 |
Focus
⚔️ 20.6% · 🌾 79.4%
Scout Cavalry ×6 · Camel Scout ×1
Feudal
11:31
Castle
15:36
Imperial
—
| APM avg | 44.4 |
| APM peak | 83 |
| eAPM avg | 23.0 |
| Villagers / military | 40 / 0 |
Focus
⚔️ 48.9% · 🌾 51.1%
Feudal
9:52
Castle
—
Imperial
—
| APM avg | 44.5 |
| APM peak | 66 |
| eAPM avg | 18.8 |
| Villagers / military | 49 / 36 |
Focus
⚔️ 31.5% · 🌾 68.5%
Archer ×36
Feudal
8:59
Castle
—
Imperial
—
| APM avg | 56.5 |
| APM peak | 107 |
| eAPM avg | 17.2 |
| Villagers / military | 30 / 9 |
Focus
⚔️ 21.2% · 🌾 78.8%
Scout Cavalry ×9
Feudal
8:27
Castle
—
Imperial
—
| APM avg | 73.4 |
| APM peak | 141 |
| eAPM avg | 30.2 |
| Villagers / military | 42 / 12 |
Focus
⚔️ 42.2% · 🌾 57.8%
Scout Cavalry ×12
Feudal
8:26
Castle
—
Imperial
—
| APM avg | 40.4 |
| APM peak | 81 |
| eAPM avg | 15.9 |
| Villagers / military | 31 / 1 |
Focus
⚔️ 29.9% · 🌾 70.1%
Spearman ×1 · Unknown (2550) ×1
Feudal
8:54
Castle
—
Imperial
—
| APM avg | 51.1 |
| APM peak | 77 |
| eAPM avg | 25.8 |
| Villagers / military | 50 / 9 |
Focus
⚔️ 56.9% · 🌾 43.1%
Archer ×5 · Militia ×3 · Spearman ×1
Match map
Initial resources + every placement click. Lines = walls · curves = elevation contours. ◆ gold · ⬟ stone · ● berries · ✦ relic · ◌ wall gap
Your base· Open — 4t gap
Freidle's base· Open — unwalled flank
_38_VirusBox_Arg's base· ✓ Closed at 15:36 · 31t walls · 3 gate(s)
181_MAX_Arg's base· Open — 6t gap
Dots's base· Open — 3t gap
_199_Al3jandr0.magn00_Arg's base· Open — unwalled flank
Molle's base· Open — unwalled flank
__72_KaN_Arg's base· Open — 3t gap
Smoothed initial terrain · ◌ = detected wall gap · hover for details
Inputs per minute
— Ra - - Freidle
Build order — Ra
96 actions detected in the replay
| 0:00 | Create | Villager (Male) |
| 0:00 | Create | Villager (Male) |
| 0:01 | Create | Villager (Male) |
| 0:02 | Build | House |
| 0:02 | Build | House |
| 0:05 | Create | Villager (Male) |
| 1:26 | Create | Villager (Male) |
| 1:26 | Create | Villager (Male) |
| 1:48 | Build | Lumber Camp |
| 1:57 | Create | Villager (Male) |
| 1:57 | Create | Villager (Male) |
| 2:15 | Create | Villager (Male) |
| 2:15 | Create | Villager (Male) |
| 2:52 | Create | Villager (Male) |
| 2:53 | Create | Villager (Male) |
| 3:15 | Create | Villager (Male) |
| 3:15 | Create | Villager (Male) |
| 3:19 | Create | Villager (Male) |
| 3:49 | Build | House |
| 3:49 | Build | House |
| 4:06 | Create | Villager (Male) |
| 4:06 | Create | Villager (Male) |
| 4:06 | Create | Villager (Male) |
| 4:12 | Create | Villager (Male) |
| 5:01 | Build | Mining Camp |
| 5:11 | Create | Villager (Male) |
| 5:46 | Create | Villager (Male) |
| 5:49 | Research | Loom |
| 6:41 | Research | Feudal Age |
| 6:41 | Research | Feudal Age |
| 7:13 | Build | Barracks |
| 7:19 | Create | Villager (Male) |
| 8:51 | Age | Feudal Age |
| 8:52 | Build | Archery Range |
| 8:54 | Build | Archery Range |
| 8:59 | Create | Villager (Male) |
| 9:11 | Create | Villager (Male) |
| 9:36 | Build | House |
| 9:40 | Create | Villager (Male) |
| 9:54 | Create | Archer |
| 9:54 | Create | Archer |
| 10:19 | Create | Archer |
| 10:29 | Create | Archer |
| 10:33 | Create | Villager (Male) |
| 10:45 | Create | Archer |
| 10:54 | Build | Palisade Gate |
| 11:02 | Build | Palisade Wall |
| 11:17 | Create | Villager (Male) |
| 11:21 | Create | Archer |
| 11:22 | Create | Archer |
| 11:24 | Build | House |
| 11:28 | Build | Mill |
| 11:37 | Create | Villager (Male) |
| 11:57 | Create | Archer |
| 11:57 | Create | Archer |
| 12:03 | Build | House |
| 12:03 | Build | House |
| 12:25 | Create | Villager (Male) |
| 12:29 | Build | Blacksmith |
| 12:31 | Create | Archer |
| 12:32 | Create | Archer |
| 12:42 | Create | Archer |
| 12:44 | Create | Villager (Male) |
| 13:04 | Create | Archer |
| 13:04 | Create | Archer |
| 13:05 | Create | Villager (Male) |
| 13:30 | Build | House |
| 13:33 | Create | Villager (Male) |
| 13:51 | Create | Archer |
| 13:58 | Create | Archer |
| 13:58 | Create | Archer |
| 14:06 | Research | Fletching |
| 14:31 | Create | Villager (Male) |
| 14:34 | Build | Farm |
| 14:34 | Build | Farm |
| 14:34 | Build | Farm |
| 14:37 | Build | Farm |
| 14:44 | Create | Archer |
| 14:44 | Create | Archer |
| 14:49 | Create | Archer |
| 14:49 | Create | Archer |
| 14:53 | Create | Villager (Male) |
| 15:07 | Build | Farm |
| 15:09 | Build | Farm |
| 15:14 | Create | Villager (Male) |
| 15:17 | Build | House |
| 15:18 | Build | Palisade Wall |
| 15:19 | Build | Palisade Wall |
| 15:20 | Build | Palisade Wall |
| 15:22 | Build | Watch Tower |
| 15:24 | Build | Palisade Wall |
| 15:26 | Build | Palisade Wall |
| 15:30 | Create | Archer |
| 15:32 | Build | Palisade Wall |
| 15:34 | Create | Villager (Male) |
| 15:36 | Create | Villager (Male) |
Build order — Freidle
72 actions detected in the replay
| 0:01 | Create | Villager (Male) |
| 0:01 | Create | Villager (Male) |
| 0:02 | Create | Villager (Male) |
| 0:03 | Build | House |
| 0:04 | Build | House |
| 0:11 | Create | Villager (Male) |
| 0:48 | Build | Mill |
| 1:36 | Create | Villager (Male) |
| 2:00 | Create | Villager (Male) |
| 2:22 | Create | Villager (Male) |
| 2:39 | Create | Villager (Male) |
| 2:50 | Create | Villager (Male) |
| 3:09 | Build | House |
| 3:28 | Build | House |
| 3:39 | Create | Villager (Male) |
| 3:46 | Build | Lumber Camp |
| 4:03 | Create | Villager (Male) |
| 4:26 | Create | Villager (Male) |
| 4:34 | Create | Villager (Male) |
| 5:00 | Create | Villager (Male) |
| 5:53 | Create | Villager (Male) |
| 6:24 | Research | Feudal Age |
| 6:51 | Build | House |
| 7:05 | Create | Villager (Male) |
| 7:15 | Build | Barracks |
| 8:34 | Age | Feudal Age |
| 8:35 | Build | Stable |
| 8:44 | Research | Loom |
| 8:48 | Research | Double-Bit Axe |
| 8:49 | Research | Horse Collar |
| 8:57 | Build | Farm |
| 9:11 | Build | Farm |
| 9:19 | Create | Scout Cavalry |
| 9:19 | Create | Scout Cavalry |
| 9:23 | Create | Villager (Male) |
| 9:36 | Build | Farm |
| 9:43 | Create | Villager (Male) |
| 10:01 | Build | Farm |
| 10:09 | Create | Villager (Male) |
| 10:10 | Build | House |
| 10:18 | Create | Scout Cavalry |
| 10:22 | Build | Farm |
| 10:39 | Build | House |
| 10:40 | Create | Villager (Male) |
| 10:44 | Build | Farm |
| 10:58 | Create | Villager (Male) |
| 11:04 | Build | House |
| 11:26 | Create | Scout Cavalry |
| 11:32 | Create | Villager (Male) |
| 11:36 | Build | Mill |
| 11:47 | Create | Scout Cavalry |
| 12:00 | Create | Villager (Male) |
| 12:04 | Build | Farm |
| 12:05 | Build | Farm |
| 12:18 | Create | Villager (Male) |
| 12:21 | Build | Farm |
| 12:35 | Build | Farm |
| 12:52 | Create | Villager (Male) |
| 13:08 | Build | Mining Camp |
| 13:09 | Create | Villager (Male) |
| 13:28 | Build | Farm |
| 13:40 | Create | Villager (Male) |
| 13:57 | Create | Villager (Male) |
| 14:17 | Build | Blacksmith |
| 14:23 | Create | Villager (Male) |
| 14:59 | Create | Villager (Male) |
| 15:27 | Create | Camel Scout |
| 15:49 | Create | Scout Cavalry |
| 15:54 | Research | Castle Age |
| 15:54 | Research | Castle Age |
| 16:05 | Research | Scale Barding Armor |
| 16:05 | Research | Scale Barding Armor |
Build order — _38_VirusBox_Arg
74 actions detected in the replay
| 0:02 | Create | Villager (Male) ×4 |
| 0:03 | Create | Villager (Male) ×4 |
| 0:04 | Build | House |
| 0:05 | Build | House |
| 1:27 | Create | Villager (Male) |
| 1:27 | Create | Villager (Male) |
| 2:07 | Create | Villager (Male) |
| 2:07 | Create | Villager (Male) |
| 2:07 | Create | Villager (Male) |
| 2:26 | Build | Lumber Camp |
| 2:32 | Create | Villager (Male) |
| 2:32 | Create | Villager (Male) |
| 2:33 | Create | Villager (Male) |
| 2:55 | Create | Villager (Male) |
| 2:55 | Create | Villager (Male) |
| 3:37 | Build | House |
| 3:55 | Create | Villager (Male) |
| 3:55 | Create | Villager (Male) |
| 3:55 | Create | Villager (Male) |
| 4:20 | Build | House |
| 4:24 | Build | House |
| 4:44 | Create | Villager (Male) |
| 4:44 | Create | Villager (Male) |
| 4:44 | Create | Villager (Male) |
| 4:49 | Build | House |
| 4:54 | Build | Palisade Wall |
| 5:48 | Build | Palisade Wall |
| 5:49 | Build | Palisade Wall |
| 6:01 | Create | Villager (Male) |
| 6:09 | Build | Mill |
| 6:16 | Create | Villager (Male) |
| 6:42 | Create | Villager (Male) |
| 6:58 | Build | Palisade Wall |
| 7:02 | Build | Palisade Wall |
| 7:10 | Create | Villager (Male) |
| 7:40 | Create | Villager (Male) |
| 7:47 | Build | Palisade Wall |
| 7:54 | Create | Villager (Male) |
| 8:09 | Create | Villager (Male) |
| 8:46 | Create | Villager (Male) |
| 9:10 | Research | Feudal Age |
| 9:25 | Research | Loom |
| 9:25 | Create | Villager (Male) |
| 10:04 | Build | Farm |
| 10:06 | Build | Farm |
| 10:09 | Build | Farm |
| 10:11 | Build | Farm |
| 10:36 | Build | Farm |
| 10:43 | Build | Farm |
| 10:48 | Build | Farm |
| 10:50 | Build | Farm |
| 10:54 | Build | Farm |
| 11:00 | Build | Mining Camp |
| 11:31 | Age | Feudal Age |
| 11:36 | Create | Villager (Male) |
| 11:40 | Create | Villager (Male) |
| 11:41 | Create | Villager (Male) |
| 12:07 | Create | Villager (Male) |
| 12:11 | Build | Stable |
| 12:24 | Build | House |
| 12:56 | Research | Castle Age |
| 12:57 | Research | Castle Age |
| 13:27 | Build | Palisade Gate |
| 13:35 | Research | Double-Bit Axe |
| 14:03 | Research | Horse Collar |
| 15:36 | Age | Castle Age |
| 15:39 | Research | Loom |
| 15:41 | Create | Villager (Male) |
| 15:51 | Build | Town Center |
| 16:01 | Create | Villager (Male) |
| 16:08 | Build | Town Center |
| 16:19 | Research | Bow Saw |
| 16:20 | Research | Heavy Plow |
| 16:25 | Create | Villager (Male) |
Build order — 181_MAX_Arg
122 actions detected in the replay
| 0:00 | Create | Villager (Male) |
| 0:01 | Create | Villager (Male) |
| 0:01 | Create | Villager (Male) |
| 0:01 | Create | Villager (Male) |
| 0:01 | Create | Villager (Male) |
| 0:03 | Build | House |
| 0:05 | Build | House |
| 1:32 | Create | Villager (Male) |
| 1:33 | Create | Villager (Male) |
| 1:33 | Create | Villager (Male) |
| 2:01 | Build | Lumber Camp |
| 2:03 | Create | Villager (Male) |
| 2:03 | Create | Villager (Male) |
| 2:29 | Create | Villager (Male) |
| 2:29 | Create | Villager (Male) |
| 2:58 | Create | Villager (Male) |
| 2:58 | Create | Villager (Male) |
| 2:58 | Create | Villager (Male) |
| 3:21 | Create | Villager (Male) |
| 3:22 | Create | Villager (Male) |
| 3:22 | Create | Villager (Male) |
| 3:47 | Research | Loom |
| 4:25 | Build | House |
| 4:32 | Create | Villager (Male) |
| 5:08 | Create | Villager (Male) |
| 5:08 | Create | Villager (Male) |
| 5:08 | Create | Villager (Male) |
| 5:09 | Create | Villager (Male) |
| 5:45 | Create | Villager (Male) |
| 5:45 | Create | Villager (Male) |
| 5:45 | Create | Villager (Male) |
| 6:07 | Build | House |
| 6:38 | Build | Mill |
| 6:52 | Create | Villager (Male) |
| 7:02 | Build | House |
| 7:11 | Create | Villager (Male) |
| 7:35 | Build | Palisade Wall |
| 7:40 | Research | Feudal Age |
| 8:06 | Build | Mining Camp |
| 8:36 | Create | Villager (Male) |
| 8:36 | Create | Villager (Male) |
| 8:55 | Build | Barracks |
| 9:52 | Age | Feudal Age |
| 9:59 | Build | Archery Range |
| 10:00 | Create | Villager (Male) |
| 10:01 | Create | Villager (Male) |
| 10:03 | Research | Double-Bit Axe |
| 10:03 | Research | Double-Bit Axe |
| 10:17 | Create | Villager (Male) |
| 10:44 | Create | Villager (Male) |
| 10:49 | Build | Archery Range |
| 10:50 | Create | Archer |
| 10:50 | Create | Archer |
| 11:13 | Create | Archer |
| 11:19 | Build | Farm |
| 11:20 | Build | Farm |
| 11:37 | Build | Blacksmith |
| 11:49 | Build | House |
| 11:55 | Create | Archer |
| 11:55 | Create | Archer |
| 11:56 | Create | Archer |
| 11:59 | Create | Villager (Male) |
| 12:16 | Create | Archer |
| 12:24 | Build | House |
| 12:31 | Build | House |
| 12:35 | Build | Farm |
| 12:40 | Research | Fletching |
| 12:40 | Research | Fletching |
| 12:42 | Create | Villager (Male) |
| 12:58 | Create | Archer |
| 12:58 | Create | Archer |
| 13:04 | Build | House |
| 13:13 | Create | Archer |
| 13:13 | Create | Archer |
| 13:15 | Build | House |
| 13:18 | Create | Villager (Male) |
| 13:19 | Create | Villager (Male) |
| 13:27 | Build | Farm |
| 13:49 | Create | Archer |
| 13:49 | Create | Archer |
| 13:49 | Create | Archer |
| 14:00 | Create | Archer |
| 14:00 | Create | Archer |
| 14:01 | Create | Villager (Male) |
| 14:01 | Create | Villager (Male) |
| 14:01 | Create | Villager (Male) |
| 14:09 | Create | Archer |
| 14:09 | Create | Archer |
| 14:24 | Create | Archer |
| 14:24 | Create | Archer |
| 14:33 | Build | Farm |
| 14:34 | Build | Farm |
| 14:35 | Create | Villager (Male) |
| 14:35 | Create | Villager (Male) |
| 14:46 | Create | Archer |
| 14:46 | Create | Archer |
| 14:49 | Build | House |
| 14:51 | Build | House |
| 14:54 | Create | Archer |
| 14:54 | Create | Archer |
| 14:56 | Create | Villager (Male) |
| 15:08 | Build | Farm |
| 15:24 | Create | Archer |
| 15:24 | Create | Archer |
| 15:25 | Create | Archer |
| 15:25 | Create | Archer |
| 15:53 | Create | Archer |
| 15:54 | Create | Archer |
| 15:54 | Create | Archer |
| 16:08 | Create | Archer |
| 16:08 | Create | Archer |
| 16:11 | Build | House |
| 16:13 | Create | Villager (Male) |
| 16:13 | Create | Villager (Male) |
| 16:13 | Create | Villager (Male) |
| 16:15 | Build | Farm |
| 16:16 | Build | Farm |
| 16:25 | Create | Villager (Male) |
| 16:25 | Create | Villager (Male) |
| 16:27 | Create | Archer |
| 16:27 | Create | Archer |
| 16:27 | Create | Archer |
Build order — Dots
83 actions detected in the replay
| 0:00 | Create | Villager (Male) |
| 0:01 | Create | Villager (Male) |
| 0:01 | Create | Villager (Male) |
| 0:02 | Create | Villager (Male) |
| 0:03 | Build | House |
| 0:05 | Build | House |
| 1:22 | Create | Villager (Male) |
| 1:56 | Build | Lumber Camp |
| 2:01 | Create | Villager (Male) |
| 2:23 | Create | Villager (Male) |
| 2:47 | Create | Villager (Male) |
| 3:05 | Create | Villager (Male) |
| 3:49 | Create | Villager (Male) |
| 3:50 | Create | Villager (Male) |
| 3:50 | Create | Villager (Male) |
| 3:53 | Build | House |
| 4:06 | Create | Villager (Male) |
| 4:31 | Build | Mill |
| 4:52 | Create | Villager (Male) |
| 5:18 | Create | Villager (Male) |
| 5:50 | Create | Villager (Male) |
| 6:17 | Create | Villager (Male) |
| 6:49 | Research | Feudal Age |
| 6:50 | Research | Feudal Age |
| 7:43 | Build | House |
| 8:06 | Build | Barracks |
| 8:59 | Age | Feudal Age |
| 9:00 | Create | Villager (Male) |
| 9:02 | Build | Stable |
| 9:11 | Build | House |
| 9:18 | Create | Villager (Male) |
| 9:44 | Create | Scout Cavalry |
| 9:44 | Create | Scout Cavalry |
| 9:46 | Build | House |
| 9:56 | Create | Villager (Male) |
| 10:13 | Build | House |
| 10:15 | Build | Palisade Wall |
| 10:18 | Research | Double-Bit Axe |
| 10:19 | Research | Horse Collar |
| 10:20 | Create | Villager (Male) |
| 10:23 | Build | House |
| 10:40 | Build | Palisade Wall |
| 10:50 | Create | Scout Cavalry |
| 10:53 | Create | Villager (Male) |
| 11:16 | Create | Villager (Male) |
| 11:22 | Build | Farm |
| 11:27 | Build | Palisade Wall |
| 11:44 | Build | Farm |
| 11:47 | Build | Farm |
| 11:51 | Create | Villager (Male) |
| 11:54 | Build | Farm |
| 11:56 | Build | Farm |
| 12:00 | Build | House |
| 12:02 | Create | Scout Cavalry |
| 12:25 | Create | Villager (Male) |
| 12:32 | Build | Farm |
| 12:37 | Build | House |
| 12:42 | Create | Scout Cavalry |
| 12:55 | Build | Farm |
| 12:56 | Create | Villager (Male) |
| 13:20 | Create | Villager (Male) |
| 13:24 | Build | Farm |
| 13:25 | Build | Farm |
| 13:28 | Create | Scout Cavalry |
| 13:59 | Create | Villager (Male) |
| 14:01 | Build | House |
| 14:11 | Build | Blacksmith |
| 14:41 | Create | Villager (Male) |
| 14:44 | Build | Farm |
| 14:47 | Build | Farm |
| 14:48 | Create | Scout Cavalry |
| 14:49 | Create | Scout Cavalry |
| 15:01 | Build | Farm |
| 15:02 | Build | Farm |
| 15:09 | Build | Farm |
| 15:12 | Create | Scout Cavalry |
| 15:19 | Build | House |
| 15:23 | Build | House |
| 15:25 | Create | Villager (Male) |
| 15:39 | Build | Palisade Gate |
| 15:56 | Build | Farm |
| 15:57 | Research | Wheelbarrow |
| 16:01 | Build | House |
Build order — _199_Al3jandr0.magn00_Arg
95 actions detected in the replay
| 0:01 | Create | Villager (Male) |
| 0:01 | Create | Villager (Male) |
| 0:01 | Create | Villager (Male) |
| 0:02 | Build | House |
| 0:03 | Build | House |
| 0:05 | Create | Villager (Male) |
| 0:05 | Create | Villager (Male) |
| 1:32 | Create | Villager (Male) |
| 1:32 | Create | Villager (Male) |
| 1:33 | Create | Villager (Male) |
| 1:44 | Build | Lumber Camp |
| 1:48 | Create | Villager (Male) |
| 2:29 | Create | Villager (Male) |
| 2:35 | Build | House |
| 2:41 | Create | Villager (Male) |
| 2:41 | Create | Villager (Male) |
| 2:55 | Create | Villager (Male) |
| 2:55 | Create | Villager (Male) |
| 3:19 | Create | Villager (Male) |
| 3:35 | Create | Villager (Male) |
| 3:35 | Create | Villager (Male) |
| 4:14 | Create | Villager (Male) |
| 4:15 | Create | Villager (Male) |
| 4:15 | Create | Villager (Male) |
| 4:56 | Build | Mill |
| 5:16 | Create | Villager (Male) |
| 5:35 | Research | Loom |
| 6:17 | Research | Feudal Age |
| 7:01 | Build | Barracks |
| 7:42 | Build | House |
| 8:27 | Age | Feudal Age |
| 8:28 | Create | Villager (Male) |
| 8:31 | Build | Stable |
| 8:41 | Create | Villager (Male) |
| 9:20 | Create | Scout Cavalry |
| 9:21 | Create | Villager (Male) |
| 9:33 | Create | Scout Cavalry |
| 9:34 | Create | Villager (Male) |
| 9:35 | Create | Villager (Male) |
| 9:37 | Build | House |
| 9:39 | Build | Farm |
| 9:54 | Create | Scout Cavalry |
| 10:10 | Build | Farm |
| 10:16 | Build | Watch Tower |
| 10:22 | Create | Villager (Male) |
| 10:26 | Build | Farm |
| 10:27 | Build | Farm |
| 10:29 | Build | House |
| 10:47 | Create | Villager (Male) |
| 10:48 | Build | Farm |
| 11:14 | Create | Scout Cavalry |
| 11:15 | Create | Scout Cavalry |
| 11:22 | Build | House |
| 11:26 | Create | Villager (Male) |
| 11:26 | Create | Villager (Male) |
| 11:49 | Create | Villager (Male) |
| 11:49 | Create | Villager (Male) |
| 11:52 | Build | House |
| 11:58 | Create | Villager (Male) |
| 11:58 | Create | Villager (Male) |
| 11:59 | Build | Farm |
| 12:00 | Build | Farm |
| 12:13 | Create | Scout Cavalry |
| 12:25 | Build | Farm |
| 12:25 | Build | Farm |
| 12:29 | Build | House |
| 12:48 | Create | Scout Cavalry |
| 13:09 | Build | House |
| 13:11 | Create | Scout Cavalry |
| 13:22 | Build | Farm |
| 13:23 | Build | Farm |
| 13:43 | Create | Scout Cavalry |
| 14:02 | Create | Scout Cavalry |
| 14:11 | Build | Farm |
| 14:11 | Build | Farm |
| 14:11 | Build | Farm |
| 14:38 | Create | Scout Cavalry |
| 14:44 | Create | Scout Cavalry |
| 14:51 | Build | Farm |
| 14:58 | Build | Palisade Wall |
| 14:59 | Build | Palisade Wall |
| 14:59 | Build | Palisade Wall |
| 15:00 | Build | Palisade Wall |
| 15:04 | Create | Villager (Male) |
| 15:04 | Create | Villager (Male) |
| 15:06 | Build | Farm |
| 15:07 | Build | Farm |
| 15:23 | Create | Villager (Male) |
| 15:23 | Create | Villager (Male) |
| 15:23 | Create | Villager (Male) |
| 15:51 | Create | Villager (Male) |
| 15:51 | Create | Villager (Male) |
| 15:56 | Build | Blacksmith |
| 16:18 | Create | Villager (Male) |
| 16:25 | Build | House |
Build order — Molle
70 actions detected in the replay
| 0:01 | Create | Villager (Male) |
| 0:01 | Create | Villager (Male) |
| 0:02 | Create | Villager (Male) |
| 0:02 | Build | House |
| 0:05 | Build | House |
| 0:20 | Create | Villager (Male) |
| 1:28 | Create | Villager (Male) |
| 1:46 | Build | Settlement |
| 1:59 | Create | Villager (Male) |
| 2:29 | Create | Villager (Male) |
| 2:52 | Create | Villager (Male) |
| 3:21 | Create | Villager (Male) |
| 3:21 | Create | Villager (Male) |
| 3:59 | Create | Villager (Male) |
| 4:32 | Create | Villager (Male) |
| 5:01 | Create | Villager (Male) |
| 5:14 | Create | Villager (Male) |
| 5:14 | Research | Loom |
| 6:05 | Research | Feudal Age |
| 7:09 | Create | Villager (Male) |
| 7:14 | Build | Outpost |
| 7:32 | Build | Barracks |
| 7:48 | Build | Outpost |
| 8:26 | Age | Feudal Age |
| 8:30 | Create | Spearman |
| 8:34 | Research | Town Watch |
| 8:39 | Build | Watch Tower |
| 8:49 | Create | Unit 2550 |
| 8:50 | Create | Villager (Male) |
| 8:53 | Create | Villager (Male) |
| 9:11 | Build | Watch Tower |
| 9:14 | Create | Villager (Male) |
| 9:27 | Create | Villager (Male) |
| 9:34 | Build | Stone Wall |
| 10:01 | Build | Settlement |
| 10:30 | Build | Stone Wall |
| 10:34 | Build | Gate |
| 10:35 | Build | Stone Wall |
| 10:40 | Create | Villager (Male) |
| 10:58 | Create | Villager (Male) |
| 11:23 | Build | Settlement |
| 11:54 | Build | Stone Wall |
| 12:01 | Create | Villager (Male) |
| 12:02 | Create | Villager (Male) |
| 12:10 | Research | Double-Bit Axe |
| 12:16 | Build | Farm |
| 12:49 | Create | Villager (Male) |
| 12:59 | Build | Farm |
| 12:59 | Build | Farm |
| 13:01 | Build | Farm |
| 13:04 | Build | Farm |
| 13:26 | Build | Farm |
| 13:27 | Create | Villager (Male) |
| 13:54 | Create | Villager (Male) |
| 14:07 | Create | Villager (Male) |
| 14:09 | Build | Farm |
| 14:10 | Build | Farm |
| 14:18 | Build | Farm |
| 14:27 | Build | Stone Wall |
| 14:35 | Create | Villager (Male) |
| 14:37 | Build | Farm |
| 15:10 | Create | Villager (Male) |
| 15:12 | Build | Farm |
| 15:16 | Build | Farm |
| 15:17 | Build | Farm |
| 15:34 | Create | Villager (Male) |
| 15:37 | Build | Farm |
| 15:57 | Create | Villager (Male) |
| 16:03 | Build | Stone Wall |
| 16:10 | Build | Farm |
Build order — __72_KaN_Arg
95 actions detected in the replay
| 0:01 | Create | Villager (Male) ×4 |
| 0:02 | Build | House |
| 0:04 | Build | House |
| 1:30 | Create | Villager (Male) |
| 1:30 | Create | Villager (Male) |
| 2:03 | Create | Villager (Male) |
| 2:04 | Create | Villager (Male) |
| 2:18 | Build | Lumber Camp |
| 2:25 | Create | Villager (Male) |
| 2:25 | Create | Villager (Male) |
| 2:26 | Create | Villager (Male) |
| 2:44 | Create | Villager (Male) |
| 2:44 | Create | Villager (Male) |
| 2:45 | Create | Villager (Male) |
| 3:06 | Create | Villager (Male) |
| 3:06 | Create | Villager (Male) |
| 3:31 | Create | Villager (Male) |
| 3:31 | Create | Villager (Male) |
| 3:49 | Build | House |
| 4:02 | Create | Villager (Male) |
| 4:03 | Create | Villager (Male) |
| 4:26 | Create | Villager (Male) |
| 4:27 | Create | Villager (Male) |
| 4:30 | Create | Villager (Male) |
| 4:30 | Create | Villager (Male) |
| 4:31 | Create | Villager (Male) |
| 4:43 | Create | Villager (Male) |
| 4:43 | Create | Villager (Male) |
| 4:43 | Create | Villager (Male) |
| 4:53 | Build | Mining Camp |
| 5:20 | Research | Loom |
| 5:31 | Build | Palisade Wall |
| 5:33 | Build | Palisade Wall |
| 5:35 | Build | Palisade Wall |
| 5:36 | Build | Palisade Wall |
| 6:16 | Create | Villager (Male) |
| 6:44 | Research | Feudal Age |
| 7:10 | Build | Barracks |
| 7:39 | Build | House |
| 8:33 | Build | House |
| 8:34 | Create | Militia |
| 8:34 | Create | Militia |
| 8:34 | Create | Militia |
| 8:39 | Create | Villager (Male) |
| 8:52 | Build | Palisade Wall |
| 8:54 | Age | Feudal Age |
| 9:14 | Build | Archery Range |
| 9:22 | Create | Villager (Male) |
| 9:57 | Create | Archer |
| 9:57 | Create | Archer |
| 10:05 | Build | House |
| 10:08 | Create | Archer |
| 10:13 | Build | Watch Tower |
| 10:17 | Create | Villager (Male) |
| 10:18 | Create | Villager (Male) |
| 10:36 | Build | Palisade Wall |
| 10:42 | Build | Palisade Wall |
| 10:49 | Create | Archer |
| 11:08 | Build | Palisade Wall |
| 11:09 | Create | Villager (Male) |
| 11:27 | Create | Spearman |
| 11:42 | Build | Mill |
| 11:50 | Build | House |
| 12:27 | Build | House |
| 12:51 | Create | Villager (Male) |
| 13:04 | Create | Archer |
| 13:23 | Create | Villager (Male) |
| 13:25 | Build | Farm |
| 13:46 | Build | Farm |
| 13:47 | Create | Villager (Male) |
| 13:47 | Create | Villager (Male) |
| 13:48 | Create | Villager (Male) |
| 14:02 | Build | House |
| 14:04 | Build | House |
| 14:08 | Build | Farm |
| 14:22 | Build | Mill |
| 14:26 | Build | Farm |
| 14:26 | Create | Villager (Male) |
| 14:27 | Create | Villager (Male) |
| 14:31 | Create | Villager (Male) |
| 14:32 | Create | Villager (Male) |
| 14:32 | Create | Villager (Male) |
| 14:44 | Build | Farm |
| 15:06 | Create | Villager (Male) |
| 15:07 | Create | Villager (Male) |
| 15:07 | Create | Villager (Male) |
| 15:10 | Build | Farm |
| 15:15 | Build | Mining Camp |
| 15:19 | Build | House |
| 15:20 | Build | Palisade Wall |
| 15:23 | Create | Villager (Male) |
| 15:23 | Create | Villager (Male) |
| 15:37 | Build | Stone Wall |
| 15:48 | Create | Villager (Male) |
| 16:26 | Build | Farm |
Match timeline
| 4:54 | _38_VirusBox_Arg · wall_segment Palisade Wall x17 |
| 5:31 | __72_KaN_Arg · wall_segment Palisade Wall x1 |
| 5:33 | __72_KaN_Arg · wall_segment Palisade Wall x1 |
| 5:35 | __72_KaN_Arg · wall_segment Palisade Wall x1 |
| 5:36 | __72_KaN_Arg · wall_segment Palisade Wall x1 |
| 5:48 | _38_VirusBox_Arg · wall_segment Palisade Wall x5 |
| 5:49 | _38_VirusBox_Arg · wall_segment Palisade Wall x8 |
| 6:58 | _38_VirusBox_Arg · wall_segment Palisade Wall x3 |
| 7:01 | _199_Al3jandr0.magn00_Arg · first_building Barracks |
| 7:02 | _38_VirusBox_Arg · wall_segment Palisade Wall x1 |
| 7:10 | __72_KaN_Arg · first_building Barracks |
| 7:13 | Ra · first_building Barracks |
| 7:15 | Freidle · first_building Barracks |
| 7:32 | Molle · first_building Barracks |
| 7:35 | 181_MAX_Arg · wall_segment Palisade Wall x1 |
| 7:47 | _38_VirusBox_Arg · wall_segment Palisade Wall x1 |
| 8:06 | Dots · first_building Barracks |
| 8:26 | Molle · age_up feudal |
| 8:27 | _199_Al3jandr0.magn00_Arg · age_up feudal |
| 8:31 | _199_Al3jandr0.magn00_Arg · first_building Stable |
| 8:34 | Freidle · age_up feudal |
| 8:35 | Freidle · first_building Stable |
| 8:51 | Ra · age_up feudal |
| 8:52 | __72_KaN_Arg · wall_segment Palisade Wall x13 |
| 8:52 | Ra · first_building Archery Range |
| 8:54 | __72_KaN_Arg · age_up feudal |
| 8:55 | 181_MAX_Arg · first_building Barracks |
| 8:59 | Dots · age_up feudal |
| 9:02 | Dots · first_building Stable |
| 9:14 | __72_KaN_Arg · first_building Archery Range |
| 9:34 | Molle · wall_segment Stone Wall x10 |
| 9:52 | 181_MAX_Arg · age_up feudal |
| 9:59 | 181_MAX_Arg · first_building Archery Range |
| 10:15 | Dots · wall_segment Palisade Wall x8 |
| 10:30 | Molle · wall_segment Stone Wall x8 |
| 10:35 | Molle · wall_segment Stone Wall x2 |
| 10:36 | __72_KaN_Arg · wall_segment Palisade Wall x1 |
| 10:40 | Dots · wall_segment Palisade Wall x7 |
| 10:42 | __72_KaN_Arg · wall_segment Palisade Wall x8 |
| 11:02 | Ra · wall_segment Palisade Wall x1 |
| 11:08 | __72_KaN_Arg · wall_segment Palisade Wall x4 |
| 11:27 | Dots · wall_segment Palisade Wall x11 |
| 11:31 | _38_VirusBox_Arg · age_up feudal |
| 11:54 | Molle · wall_segment Stone Wall x2 |
| 12:11 | _38_VirusBox_Arg · first_building Stable |
| 14:27 | Molle · wall_segment Stone Wall x8 |
| 14:58 | _199_Al3jandr0.magn00_Arg · wall_segment Palisade Wall x1 |
| 14:59 | _199_Al3jandr0.magn00_Arg · wall_segment Palisade Wall x1 |
| 14:59 | _199_Al3jandr0.magn00_Arg · wall_segment Palisade Wall x1 |
| 15:00 | _199_Al3jandr0.magn00_Arg · wall_segment Palisade Wall x1 |
| 15:18 | Ra · wall_segment Palisade Wall x1 |
| 15:19 | Ra · wall_segment Palisade Wall x1 |
| 15:20 | __72_KaN_Arg · wall_segment Palisade Wall x1 |
| 15:20 | Ra · wall_segment Palisade Wall x1 |
| 15:24 | Ra · wall_segment Palisade Wall x1 |
| 15:26 | Ra · wall_segment Palisade Wall x1 |
| 15:32 | Ra · wall_segment Palisade Wall x1 |
| 15:36 | _38_VirusBox_Arg · age_up castle |
| 15:37 | __72_KaN_Arg · wall_segment Stone Wall x12 |
| 16:03 | Molle · wall_segment Stone Wall x2 |
| 16:04 | Ra · resign |
[ AI ANALYSIS · 1 CREDIT ]
What really happened in this match?
Wolo.gg analyzes every decision: build order, eco, micro, common mistakes by bracket. Personalized analysis on WhatsApp or Discord in 30 seconds.
Civ guide
Poles
Perfil
Jugador #21472751